 Dungeon Crawl Stone Soup version 0.30-a0-305-g026cb31310 (webtiles) character file.

Game seed: 16723918900574024399

761257 lampshaded the Merry Minotaur (level 27, -3/235 (269) HPs)
             Began as a Minotaur Hunter on Oct 21, 2022.
             Was the Champion of the Shining One.
             Splashed by a caustic shrike's acid (5 damage)
             ... on level 3 of the Iron City of Dis on Oct 25, 2022.
             The game lasted 03:20:54 (84927 turns).

lampshaded the Merry Minotaur (Minotaur Hunter)    Turns: 84927, Time: 03:20:55

HP:   -3/235 (269)  AC: 16    Str: 19    XL:     27
MP:   44/44         EV: 56    Int:  6    God:    the Shining One [******]
Gold: 9187          SH:  0    Dex: 45    Spells: 8/42 levels left

rFire   + + .      SeeInvis .    a - +9 triple crossbow (holy)
rCold   . . .      Faith    .    (shield currently unavailable)
rNeg    + + +      Spirit   .    d - +5 steam dragon scales
rPois   +          Reflect  .    G - +0 hat of Kotopn {Will+ MP+9 Dex+4 Slay+2}
rElec   +          Harm     .    c - +2 cloak {rCorr}
rCorr   +          Rampage  .    V - +1 pair of gloves of Wrong Decisions {rElec rPois rF+}
Will    ++++.      Clarity  +    w - +0 pair of boots of the King of the Hill {rF+ Dex+4 Stlth+}
Stlth   ++++......               j - amulet of the Terrible Sultana {Acrobat rElec rF- Will+ Dex+4}
HPRegen 0.59/turn                H - ring "Nuxtas" {EV+4 Str+2 Dex+2 Stlth+}
MPRegen 0.29/turn                b - +6 ring of dexterity

@: hasted, glowing, studying Ranged Weapons, heavily drained, corroded, very
quick
A: horns 2, retaliatory headbutt, talons 1, clarity, fire resistance 1, weak 1
}: 6/15 runes: decaying, serpentine, slimy, silver, obsidian, abyssal
a: Renounce Religion, Divine Shield, Cleansing Flame, Summon Divine Warrior


You were on level 3 of the Iron City of Dis.
You worshipped the Shining One.
The Shining One was exalted by your worship.
You visited 15 branches of the dungeon, and saw 67 of its levels.
You visited the Abyss 1 time.
You also visited: Trove, Ice Cave and Volcano.

You collected 11206 gold pieces.
You spent 2019 gold pieces at shops.

Inventory:

Hand Weapons
 a - a +9 triple crossbow of holy wrath (weapon)
Armour
 c - a +2 cloak of preservation (worn)
 d - +5 steam dragon scales (worn)
 w - the +0 pair of boots of the King of the Hill (worn) {rF+ Dex+4 Stlth+}
   (Okawaru gifted it to you on level 2 of the Lair of Beasts)

   Dex:       It affects your dexterity (+4).
   rF:        It protects you from fire.
   Stlth:     It makes you more stealthy.
 G - the +0 hat of Kotopn (worn) {Will+ MP+9 Dex+4 Slay+2}
   (You acquired it on level 2 of the Swamp)

   Dex:       It affects your dexterity (+4).
   Slay:      It affects your accuracy & damage with ranged weapons and melee
   (+2).
   MP:        It affects your magic capacity (+9).
   Will:      It increases your willpower.
 V - the +1 pair of gloves of Wrong Decisions (worn) {rElec rPois rF+}
   (Okawaru gifted it to you in an ice cave)

   rF:        It protects you from fire.
   rElec:     It insulates you from electricity.
   rPois:     It protects you from poison.
Jewellery
 b - a +6 ring of dexterity (right hand)
 j - the amulet of the Terrible Sultana (around neck) {Acrobat rElec rF- Will+ Dex+4}
   (You found it on level 3 of the Elven Halls)

   [amulet of the acrobat]

   It increases your evasion while moving and waiting.
   Dex:       It affects your dexterity (+4).
   rF:        It makes you vulnerable to fire.
   rElec:     It insulates you from electricity.
   Will:      It increases your willpower.
 H - the ring "Nuxtas" (left hand) {EV+4 Str+2 Dex+2 Stlth+}
   (You found it in an ice cave)

   [ring of evasion]

   EV:        It affects your evasion (+4).
   Str:       It affects your strength (+2).
   Dex:       It affects your dexterity (+2).
   Stlth:     It makes you more stealthy.
 W - the ring of Autotheism {Fly rF+ MP+9 Dex+2 Slay+2}
   (You took it off a vault sentinel on level 5 of the Vaults)

   [ring of magical power]

   Dex:       It affects your dexterity (+2).
   Slay:      It affects your accuracy & damage with ranged weapons and melee
   (+2).
   rF:        It protects you from fire.
   MP:        It affects your magic capacity (+9).
   Fly:       It grants you flight.
Wands
 g - a wand of iceblast (69)
 i - a wand of paralysis (76)
 l - a wand of mindburst (34)
 p - a wand of flame (99)
 M - a wand of polymorph (27)
 N - a wand of acid (33)
 S - a wand of digging (12)
Scrolls
 e - 10 scrolls of amnesia
 f - 12 scrolls of butterflies
 k - 3 scrolls of enchant weapon
 n - 2 scrolls of enchant armour
 o - 5 scrolls of summoning
 r - 3 scrolls of brand weapon
 u - 7 scrolls of immolation
 v - 3 scrolls of magic mapping
 x - 34 scrolls of teleportation
 L - 7 scrolls of fear
 R - 11 scrolls of poison
 U - 27 scrolls of identify
 Y - 9 scrolls of silence
 Z - 10 scrolls of blinking
Potions
 h - 5 potions of flight
 y - 5 potions of resistance
 z - 8 potions of ambrosia
 A - 5 potions of berserk rage
 C - 12 potions of brilliance
 D - 6 potions of cancellation
 E - 22 potions of curing
 F - 15 potions of heal wounds
 K - 3 potions of magic
 P - 8 potions of might
 Q - 2 potions of mutation
 X - 16 potions of haste
Miscellaneous
 m - a phial of floods
 q - a tin of tremorstones (2/2)
 s - a piece from Xom's chessboard (15/15)
 t - a lightning rod (4/4)
 B - a box of beasts
 T - a phantom mirror


   Skills:
 - Level 26.0 Fighting
 O Level 27 Ranged Weapons
 - Level 23.0 Armour
 - Level 23.0 Dodging
 - Level 13.0 Stealth
 - Level 8.0 Spellcasting
 - Level 6.0 Hexes
 - Level 9.0 Translocations
 + Level 7.6 Transmutations
 + Level 5.8 Ice Magic
 + Level 7.6 Earth Magic
 + Level 5.9 Poison Magic
 - Level 18.0 Invocations
 - Level 16.1 Evocations


You had 8 spell levels left.
You knew the following spells:

 Your Spells              Type           Power      Damage    Failure   Level
a - Portal Projectile     Hex/Tloc       22%        N/A       3%          3
b - Wereblood             Tmut           11%        N/A       1%          2
c - Blink                 Tloc           26%        N/A       1%          2
d - Ozocubu's Armour      Ice            9%         N/A       6%          3
e - Gell's Gravitas       Tloc           13%        N/A       1%          3
f - Apportation           Tloc           26%        N/A       1%          1
g - Leda's Liquefaction   Hex/Erth       5%         N/A       14%         4
h - Alistair's Intoxicat  Tmut/Pois      6%         N/A       36%         5
i - Metabolic Englaciati  Hex/Ice        4%         N/A       47%         5
j - Eringya's Noxious Bo  Tmut/Pois      5%         N/A       91%         6

Your spell library contained the following spells:

 Spells                   Type           Power      Damage    Failure   Level
 Freeze                   Ice            36%        1d5       1%          1
 Sandblast                Erth           22%        2d7       1%          1
 Lesser Beckoning         Tloc           26%        N/A       1%          3
 Momentum Strike          Conj/Tloc      14%        3d8       5%          2
 Tukima's Dance           Hex            9%         N/A       5%          3
 Manifold Assault         Tloc           13%        N/A       5%          4
 Frozen Ramparts          Ice            18%        1d3       6%          3
 Poisonous Vapours        Pois/Air       10%        N/A       10%         2
 Petrify                  Tmut/Erth      11%        N/A       10%         4
 Ignite Poison            Fire/Tmut/Pois 7%         N/A       11%         3
 Vhi's Electric Charge    Tloc/Air       14%        N/A       11%         3
 Stone Arrow              Conj/Erth      12%        3d7       14%         3
 Ice Form                 Ice/Tmut       10%        N/A       14%         4
 Cigotuvi's Dreadful Rot  Necr/Pois/Air  8%         N/A       16%         2
 Inner Flame              Hex/Fire       6%         N/A       19%         3
 Kindle Blastsparks       Fire/Tloc/Air  12%        2d11      19%         3
 Summon Guardian Golem    Hex/Summ       6%         N/A       19%         3
 Hailstorm                Conj/Ice       5%         3d4       21%         3
 Olgreb's Toxic Radiance  Pois           9%         N/A       21%         4
 Foxfire                  Conj/Fire      8%         2x1d4     22%         1
 Necrotise                Necr           8%         1d4       22%         1
 Summon Small Mammal      Summ           8%         N/A       22%         1
 Blade Hands              Tmut           5%         N/A       26%         5
 Lee's Rapid Deconstruct  Erth           5%         3d6*      26%         5
 Mephitic Cloud           Conj/Pois/Air  4%         N/A       30%         3
 Scorch                   Fire           4%         2d5       32%         2
 Static Discharge         Conj/Air       4%         2-3/arc   32%         2
 Sublimation of Blood     Necr           2%         N/A       32%         2
 Animate Armour           Summ/Erth      12%        N/A       43%         4
 Call Canine Familiar     Summ           2%         N/A       54%         3
 Vampiric Draining        Necr           2%         2d6       54%         3
 Anguish                  Hex/Necr       3%         N/A       54%         4
 Summon Forest            Summ/Tloc      3%         N/A       67%         5
 Borgnjor's Vile Clutch   Necr/Erth      3%         N/A       78%         5
 Irradiate                Conj/Tmut      3%         3d12      78%         5
 Statue Form              Tmut/Erth      7%         N/A       83%         6
 Summon Mana Viper        Hex/Summ       6%         N/A       87%         5
 Flame Wave               Conj/Fire      2%         2d4       91%         4
 Freezing Cloud           Conj/Ice/Air   2%         6-21      95%         5
 Agony                    Necr           2%         N/A       99%         5
 Arcjolt                  Conj/Air       1%         1d11      99%         5
 Fireball                 Conj/Fire      1%         3d3       99%         5
 Iskenderun's Battlesphe  Conj           2%         2d6       99%         5
 Lightning Bolt           Conj/Air       1%         1d12      99%         5
 Iron Shot                Conj/Erth      3%         9d2       100%        6
 Simulacrum               Ice/Necr       2%         N/A       100%        6
 Starburst                Conj/Fire      1%         6d3       100%        6
 Summon Cactus Giant      Summ           1%         N/A       100%        6
 Ozocubu's Refrigeration  Ice            4%         4d8       100%        7
 Spellforged Servitor     Conj/Summ      1%         N/A       100%        7
 Storm Form               Tmut/Air       3%         N/A       100%        7
 Summon Hydra             Summ           1%         N/A       100%        7
 Ignition                 Fire           1%         3d3       100%        8
 Lehudib's Crystal Spear  Conj/Erth      3%         10d2      100%        8
 Chain Lightning          Conj/Air       1%         3d1       100%        9
 Fire Storm               Conj/Fire      1%         7d1       100%        9
 Polar Vortex             Ice            4%         N/A       100%        9
 Shatter                  Erth           5%         3d8*      100%        9


Dungeon Overview and Level Annotations

Branches:
Dungeon (15/15)            Temple (1/1) D:6            Lair (5/5) D:8
  Swamp (4/4) Lair:2        Snake (4/4) Lair:2        Slime (5/5) Lair:5
    Orc (2/2) D:9             Elf (3/3) Orc:2        Vaults (5/5) D:14
  Crypt (3/3) Vaults:3       Tomb (0/3) Crypt:3      Depths (4/4) D:15
   Hell (visited)             Dis (2/7) Hell            Geh (7/7) Hell
    Coc (0/7) Hell            Tar (0/7) Hell            Zot (5/5) Depths:4
  IceCv (visited)         Volcano (visited)

Altars:
Ashenzari
Cheibriados
Dithmenos
Elyvilon
Fedhas
Gozag
Hepliaklqana
Kikubaaqudgha
Makhleb
Nemelex Xobeh
Okawaru
Qazlal
Ru
Sif Muna
Trog
Uskayaw
Vehumet
Wu Jian
Xom
Yredelemnul
Zin
The Shining One

Shops:
D:9 [   D:10 *   D:11 *   Orc:1 (   Orc:2 ([(?   Elf:1 *   Elf:2 =
Snake:2 (?*   Vaults:1 *(:   Depths:2 *   Depths:3 !:

Portals:
Hell: Depths:1 Depths:2 Depths:3 Depths:4
Abyss: Depths:1 Depths:2 Depths:3
Pandemonium: Depths:2 Depths:3
Ziggurat: Depths:4

Annotations:
Zot:5 5 transporters


Innate Abilities, Weirdness & Mutations

You have a pair of horns on your head.
You reflexively headbutt those who attack you in melee.
You have sharp toenails.
You possess an exceptional clarity of mind.
Your flesh is heat resistant. (rF+)
You are weak. (Str -2)


Message History

You shoot a bolt. The caustic shrike screeches!
The bolt hits the caustic shrike!!!
The caustic shrike is heavily wounded.
The caustic shrike completely misses you.
You furiously retaliate!
You headbutt the caustic shrike! The caustic shrike misses you. x2
The caustic shrike completely misses you.
You furiously retaliate!
You headbutt the caustic shrike.
You feel yourself speed up. The caustic shrike closely misses you.
You furiously retaliate!
You headbutt the caustic shrike.
Fire: a) +9 triple crossbow (holy)
Press: ? - help, Q - select action, (/) - cycle Shift-Dir - straight line, f/p - caustic shrike
Aim: a caustic shrike (heavily wounded, haloed, 80% to hit)
You shoot a bolt. The bolt hits the caustic shrike!!!
You kill the caustic shrike!
The caustic shrike completely misses you.
You furiously retaliate!
You headbutt the caustic shrike!
Fire: a) +9 triple crossbow (holy)
Press: ? - help, Q - select action, (/) - cycle Shift-Dir - straight line, f - caustic shrike
Aim: a caustic shrike (severely wounded, haloed, 80% to hit)
You shoot a bolt. The bolt hits the caustic shrike!!!!
You kill the caustic shrike!
The caustic shrike claws you!!
* * * LOW HITPOINT WARNING * * *
You are splashed with acid.
You resist.
* * * LOW HITPOINT WARNING * * *
Fire: a) +9 triple crossbow (holy)
Press: ? - help, Q - select action, (/) - cycle Shift-Dir - straight line, f - quicksilver elemental
Aim: a quicksilver elemental (haloed, 77% to hit)
You shoot a bolt.
The bolt closely misses the quicksilver elemental.
The bolt hits the caustic shrike!!
The caustic shrike is moderately wounded.
The quicksilver elemental breathes dispelling energy at you.
The bolt of dispelling energy misses you.
The caustic shrike claws you!!
* * * LOW HITPOINT WARNING * * *
You are splashed with acid.
You resist.
You die...

.. ##+####..
#.....#..
#.....#.
#.....#..
#b....#2.#
#Eb∩..#9.#.....#
#@#####..####..#
#...^.#2..1.r..
#^....#.......
#.....#######
#.....#.....#
#.....#.....+
#.....'.....#
#############


You could see an iron golem, 2 caustic shrikes, a quicksilver elemental, a
hellion and a tormentor.

Vanquished Creatures
  the Royal Jelly (Slime:5)
  Dissolution (Slime:4)
  7 dread liches
  6 ancient liches
  6 orbs of fire (Zot:5)
  Mara (Swamp:3)
  A juggernaut (Depths:1)
  Josephina (Zot:4)
  Sojobo (Crypt:3)
  Frederick (Vaults:4)
  Parghit (Zot:1)
  Bai Suzhen (Snake:3)
  5 Killer Klowns
  Margery (Depths:4)
  Xtahua (Crypt:1)
  Geryon (Hell)
  2 curse toes (Zot:3)
  8 caustic shrikes
  11 golden dragons
  Jory (Vaults:4)
  2 profane servitors (Crypt:3)
  A bone dragon (Abyss:3)
  12 Brimstone Fiends
  4 electric golems
  A Tzitzimitl (Geh:6)
  10 hellephants
  An iron giant (Dis:2)
  2 shard shrike zombies
  Jorgrun (Swamp:3)
  An Ice Fiend (Geh:6)
  25 Orb Guardians (Zot:5)
  25 searing wretches
  2 Hell Sentinels
  9 tentacled monstrosities
  Asterion (Vaults:1)
  3 liches
  9 deep elf blademasters
  10 deep elf master archers
  21 titans
  4 quicksilver dragons
  23 acid blobs
  3 sphinxes
  Gastronok (Orc:1)
  6 tengu reavers
  7 death cobs
  16 ancient champions
  4 tentacled starspawn
  Donald (Elf:3)
  4 draconian monks
  8 storm dragons
  9 shadow dragons
  Roxanne (Elf:3)
  10 nagarajas
  7 revenants
  4 draconian knights
  14 azure jellies
  21 vault wardens
  10 deep elf sorcerers
  16 rockslimes
  33 balrugs
  5 iron dragons
  43 fire giants
  5 draconian scorchers
  2 quicksilver elementals
  22 frost giants
  A caustic shrike zombie (Hell)
  2 ghost moths (Zot:5)
  4 curse skulls
  3 draconian stormcallers
  3 draconian shifters
  5 deep elf elementalists (Elf:3)
  22 ironbound preservers
  3 juggernaut zombies
  4 ghouls
  7 war gargoyles
  13 very ugly things
  8 reapers
  6 draconian annihilators
  35 stone giants
  A juggernaut skeleton (Crypt:3)
  2 orc warlords
  8 ironbound thunderhulks
  10 green draconians
  17 quicksilver oozes
  6 eleionomae
  14 vampire knights
  12 deep elf demonologists
  17 deep elf annihilators
  A rockslime zombie (Crypt:1)
  13 black draconians
  15 purple draconians
  13 yellow draconians
  A bunyip (Swamp:3)
  20 dire elephants
  9 red draconians
  15 white draconians
  3 lorocyprocas (Hell)
  Snorg (Lair:3)
  4 green deaths
  A merfolk javelineer (Abyss:3)
  2 blizzard demons (Hell)
  8 eidola
  An iron golem (Dis:2)
  7 deep elf death magi
  A shambling mangrove (Swamp:1)
  19 jiangshi
  3 entropy weavers
  A spriggan zombie (Crypt:1)
  8 yaktaur captains
  A crystal guardian (Vaults:4)
  9 ettins
  4 fire dragons
  11 deep elf high priests
  37 vault guards
  A mummy priest (Crypt:1)
  4 rakshasas
  20 ice dragons
  19 salamander tyrants
  A spriggan skeleton (Crypt:3)
  9 peacekeepers
  14 great orbs of eyes
  9 hydras
  4 ghost crabs
  8 ogre magi
  5 spriggan air magi
  3 hell beasts
  4 alligators
  5 death knights
  21 two-headed ogres
  4 death yaks (Lair:4)
  13 anacondas
  26 dancing weapons
  13 deep troll earth magi
  14 ironbound frosthearts
  A satyr (shapeshifter) (Depths:4)
  2 boulder beetles
  7 stokers
  6 tengu warriors
  8 centaur warriors
  11 naga warriors
  A satyr (Abyss:3)
  A quicksilver ooze zombie (Crypt:2)
  15 vampire magi
  5 deep troll shamans
  39 hell hogs
  5 shock serpents
  6 sun demons
  3 thrashing horrors
  12 naga sharpshooters
  29 deep elf knights
  6 soul eaters
  A storm dragon zombie (Depths:3)
  4 spriggans
  5 hell knights
  4 salamander mystics
  9 spriggan berserkers
  Urug (Lair:4)
  11 iron trolls
  11 skeletal warriors
  A fire crab (shapeshifter) (D:14)
  3 shadow wraiths
  4 wretched stars (Abyss:3)
  A spatial maelstrom (Abyss:3)
  A golden dragon zombie (Depths:3)
  48 deep trolls
  4 goliath frogs
  6 glowing orange brains
  7 bog bodies
  4 spriggan druids
  10 sea snakes
  3 anaconda zombies
  An obsidian statue (Zot:5)
  A shadow demon (Geh:1)
  A shadow dragon zombie (Hell)
  14 wizards
  A golden dragon skeleton (Depths:1)
  20 phantasmal warriors
  15 lindwurms
  6 flayed ghosts
  A sphinx zombie (Hell)
  16 deep elf archers
  12 swamp dragons
  7 naga ritualists
  10 necromancers
  5 harpies (Vaults:2)
  32 deep elf pyromancers
  55 ugly things
  6 ironbound convokers
  11 mana vipers
  2 anaconda skeletons (Hell)
  16 starcursed masses (Abyss:3)
  23 deep elf zephyrmancers
  4 orc sorcerers
  A broodmother zombie (Crypt:1)
  An orc knight (Orc:2)
  2 stone giant zombies
  6 shining eyes
  A shining eye (shapeshifter) (Vaults:5)
  30 moths of wrath
  2 manticores
  4 worldbinders
  5 cyclopes
  A cyclops (shapeshifter) (Elf:1)
  6 will-o-the-wisps
  3 fire giant zombies
  3 stone giant skeletons
  17 salamanders
  12 elephants
  3 guardian serpents
  A goliath frog skeleton (Crypt:2)
  3 ice statues
  4 apocalypse crabs
  15 naga magi
  39 black mambas
  18 vault sentinels
  4 orange demons
  8 rust devils (Hell)
  A storm dragon simulacrum (Zot:4)
  16 molten gargoyles
  An alligator snapping turtle zombie (Crypt:1)
  2 water nymphs (shapeshifter)
  10 smoke demons
  3 eyes of devastation
  2 torpor snails
  A demonic crawler (Abyss:3)
  2 unseen horrors
  17 cane toads
  2 gargoyles (D:12)
  7 rime drakes
  A centaur skeleton (Abyss:1)
  25 yaktaurs
  A yellow draconian zombie (Crypt:3)
  A yaktaur (shapeshifter) (D:15)
  Psyche (D:8)
  9 komodo dragons
  17 hellions
  A sea snake zombie (Hell)
  2 efreet (Abyss:3)
  8 freezing wraiths
  5 tormentors
  2 hellwings
  A hydra zombie (Hell)
  5 ancient zymes
  A silent spectre (Abyss:1)
  3 tengu conjurers
  A ghost moth simulacrum (Zot:4)
  2 sea snake skeletons
  11 tyrant leeches
  2 red devils
  A white draconian skeleton (Crypt:1)
  A death yak skeleton (Crypt:2)
  3 polar bears
  4 trolls
  A polar bear (shapeshifter) (D:15)
  2 bloated husks
  3 hydra skeletons
  A wind drake (shapeshifter) (Vaults:5)
  2 harpy skeletons
  7 hornets
  11 raiju
  A tarantella (Vaults:1)
  23 blink frogs
  10 dream sheep (Lair:5)
  An ettin zombie (Hell)
  An ice dragon zombie (Crypt:3)
  93 slime creatures
  A meliai zombie (Crypt:3)
  A black mamba zombie (Crypt:1)
  5 flying skulls (Abyss:1)
  7 wraiths
  2 shadows
  6 water elementals
  2 air elementals
  7 wyverns
  A dire elephant simulacrum (Crypt:3)
  An ettin skeleton (Crypt:2)
  2 ynoxinuls
  A centaur simulacrum (D:11)
  A culicivora (shapeshifter) (Elf:1)
  2 vampires (Crypt:3)
  5 basilisks
  A fire bat (Volcano)
  An alligator skeleton (Hell)
  4 fire elementals
  19 golden eyes
  28 yaks
  6 humans (D:14)
  8 vampire mosquitoes
  A chaos spawn (Abyss:1)
  A steam dragon (D:7)
  11 large abominations
  17 swamp worms
  A harpy simulacrum (Crypt:3)
  4 wargs
  3 acid dragons
  3 spatial vortices (Abyss:3)
  2 hell hounds
  46 nagas
  9 water moccasins
  A glowing shapeshifter skeleton (Depths:1)
  3 glowing shapeshifter zombies (Hell)
  3 moth of wrath simulacra (Zot:4)
  A floating eye (Slime:3)
  A naga skeleton (Crypt:1)
  12 orc warriors
  10 ice beasts
  An ettin simulacrum (Crypt:1)
  3 swamp drakes
  3 black bears
  A black bear (shapeshifter) (D:14)
  3 sky beasts
  5 centaurs
  21 ogres
  2 boggarts
  31 wolves
  2 elephant skeletons
  A phantom (D:6)
  A dream sheep skeleton (Crypt:2)
  A hog skeleton (Crypt:3)
  A yaktaur zombie (Crypt:1)
  2 kobold brigands
  3 earth elementals (Elf:3)
  A gnoll sergeant (D:10)
  15 bullfrogs
  4 necrophages
  A salamander skeleton (Crypt:3)
  A cyclops zombie (Crypt:2)
  3 scorpions
  7 small abominations
  8 wights
  A wyvern zombie (Crypt:2)
  A shapeshifter zombie (Crypt:1)
  A troll zombie (Crypt:2)
  7 killer bees
  5 lindwurm simulacra (IceCv)
  2 howler monkeys
  9 electric eels
  7 komodo dragon simulacra (IceCv)
  A hound (D:6)
  9 jellies
  Crazy Yiuf (D:5)
  A gnoll bouda (D:7)
  11 orc priests
  An iron imp (Abyss:1)
  4 iguanas
  16 orc wizards
  A howler monkey zombie (Crypt:1)
  7 gnolls
  7 acid dragon simulacra (IceCv)
  7 adders
  A howler monkey skeleton (Crypt:3)
  19 white imps
  2 steam dragon simulacra (IceCv)
  7 ufetubi
  A lava snake skeleton (Crypt:1)
  3 worms (D:2)
  6 dart slugs
  A worm (shapeshifter) (D:15)
  61 orcs
  3 ball pythons
  4 bats
  10 endoplasms
  5 giant cockroaches
  8 goblins
  10 hobgoblins
  2 jackals (D:2)
  3 quokkas
  3 frilled lizards
  A goblin skeleton (Crypt:3)
  A hobgoblin zombie (Crypt:2)
  16 kobolds
  A kobold zombie (Crypt:1)
  6 rats
  3 creeping infernos
  30 fire vortices
  2 lurking horrors (Abyss:1)
  7 starspawn tentacles
2832 creatures vanquished.

Vanquished Creatures (collateral kills)
  Asmodeus (Geh:7)
  A Brimstone Fiend (Geh:7)
  An iron dragon (Hell)
  A blizzard demon (Hell)
  An ice dragon (Hell)
  2 hell hogs (Hell)
  A sun demon (Hell)
  A soul eater (Hell)
  A fire giant zombie (Hell)
10 creatures vanquished.

Vanquished Creatures (others)
  A frost giant (Geh:6)
  A deep elf death mage (Crypt:1)
  A sea snake (Snake:4)
  A deep elf zephyrmancer (Elf:1)
  A shining eye (Abyss:3)
  A black mamba (Snake:4)
  A rust devil (Hell)
  A blink frog (Lair:5)
  2 yaks (Lair:5)
  2 humans (D:14)
  A fire bat (Volcano)
  A centaur (Volcano)
  A starcursed mass (Abyss:3)
  A creeping inferno (Geh:2)
  17 foxfires
  22 fungi
  A lurking horror (Abyss:3)
  157 plants
  5 starspawn tentacles
218 creatures vanquished.

Grand Total: 3060 creatures vanquished

Notes
Turn   | Place    | Note
-------+----------+-------------------------------------------
     0 | D:1      | lampshaded the Minotaur Hunter began the quest for the Orb.
     0 | D:1      | Reached XP level 1. HP: 18/18 MP: 0/0
   214 | D:1      | Reached XP level 2. HP: 25/25 MP: 1/1
   238 | D:1      | Reached skill level 5 in Ranged Weapons
   849 | D:2      | Reached XP level 3. HP: 30/30 MP: 2/2
  1024 | D:2      | Found a sparkling altar of Nemelex Xobeh.
  1141 | D:2      | Identified the +0 scale mail of the Pit {rN++ Str+9 SInv
                  | Stlth-}
  1526 | D:2      | Reached skill level 6 in Ranged Weapons
  1878 | D:3      | Reached XP level 4. HP: 36/37 MP: 3/3
  2605 | D:3      | Noticed a water moccasin
  2614 | D:3      | Killed a water moccasin
  2615 | D:3      | Reached skill level 7 in Ranged Weapons
  2615 | D:3      | Reached XP level 5. HP: 36/42 MP: 4/4
  3426 | D:4      | Noticed a black bear
  3432 | D:4      | Killed a black bear
  3433 | D:4      | Reached skill level 8 in Ranged Weapons
  3433 | D:4      | Reached skill level 1 in Armour
  3433 | D:4      | Reached XP level 6. HP: 49/50 MP: 5/5
  3747 | D:4      | Found a hazy altar of Hepliaklqana.
  3807 | D:4      | Found a sparkling altar of Nemelex Xobeh.
  3935 | D:5      | Entered Level 5 of the Dungeon
  4478 | D:5      | Reached XP level 7. HP: 52/57 MP: 6/6
  4554 | D:5      | Reached skill level 1 in Stealth
  4944 | D:5      | Identified the +4 hammer "Qubamof" {vorpal, Fly Str+3}
  4948 | D:5      | Found a runed translucent door.
  4949 | D:5      | Noticed Crazy Yiuf
  5121 | D:6      | Found a staircase to the Ecumenical Temple.
  5134 | D:6      | Reached skill level 9 in Ranged Weapons
  5138 | Temple   | Entered the Ecumenical Temple
  5204 | Temple   | Became a worshipper of Warmaster Okawaru
  5250 | D:6      | Reached skill level 1 in Evocations
  5528 | D:6      | Reached * piety under Okawaru
  5529 | D:6      | Reached XP level 8. HP: 67/67 MP: 7/7
  5582 | D:6      | Reached skill level 1 in Invocations
  5753 | D:6      | Found a snail-covered altar of Cheibriados.
  5764 | D:6      | Found a burning altar of Makhleb.
  5764 | D:6      | Found a glowing golden altar of the Shining One.
  5766 | D:6      | Found a radiant altar of Vehumet.
  5938 | D:7      | Reached skill level 5 in Fighting
  6008 | D:7      | Reached ** piety under Okawaru
  6025 | D:7      | Reached skill level 10 in Ranged Weapons
  6151 | D:7      | Reached XP level 9. HP: 52/74 MP: 9/9
  6668 | D:7      | Found a shadowy altar of Dithmenos.
  7768 | D:8      | Found a broken altar of Ashenzari.
  7769 | D:8      | Found a glowing silver altar of Zin.
  7823 | D:8      | Reached *** piety under Okawaru
  7936 | D:8      | Reached skill level 5 in Armour
  7997 | D:8      | Found a staircase to the Lair.
  7998 | D:8      | Noticed a rime drake
  8121 | D:8      | Reached skill level 5 in Dodging
  8175 | D:8      | Killed a rime drake
  8176 | D:8      | Reached skill level 11 in Ranged Weapons
  8361 | D:8      | Noticed Psyche
  8367 | D:8      | Killed Psyche
  8368 | D:8      | Reached XP level 10. HP: 74/84 MP: 7/11
  8662 | D:8      | Reached **** piety under Okawaru
  9197 | D:9      | Found Decaej Miug's Armour Shop.
  9277 | D:9      | Found a staircase to the Orcish Mines.
 10282 | D:10     | Entered Level 10 of the Dungeon
 10418 | D:10     | Found Ihastig's Overcharged Wands.
 11002 | D:11     | Found Janerux's Assorted Antiques.
 11119 | D:11     | Noticed a cyclops
 11143 | D:10     | Reached skill level 12 in Ranged Weapons
 11263 | D:11     | Killed a cyclops
 11263 | D:11     | Reached ***** piety under Okawaru
 11309 | D:11     | Reached XP level 11. HP: 91/92 MP: 11/13
 11322 | D:11     | Noticed a two-headed ogre
 11332 | D:11     | Killed a two-headed ogre
 11333 | D:11     | Reached skill level 5 in Stealth
 11333 | D:11     | Reached skill level 5 in Invocations
 11382 | D:11     | Identified the +0 pair of boots of Impressiveness {rC+
                  | rCorr Dex+3}
 11828 | D:11     | Reached skill level 5 in Evocations
 11921 | D:11     | Noticed a two-headed ogre
 11937 | D:11     | Killed a two-headed ogre
 11937 | D:11     | Received a gift from Okawaru
 12920 | D:12     | Noticed a two-headed ogre
 12929 | D:12     | Killed a two-headed ogre
 12993 | D:12     | Noticed a two-headed ogre
 12998 | D:12     | Killed a two-headed ogre
 12999 | D:12     | Reached skill level 13 in Ranged Weapons
 13023 | D:12     | Noticed a green ugly thing
 13030 | D:12     | Killed a green ugly thing
 13309 | Lair:1   | Entered Level 1 of the Lair of Beasts
 13389 | Lair:1   | Found a frozen archway.
 13429 | IceCv    | Entered an ice cave
 13497 | IceCv    | Identified the +1 pair of gloves of Wrong Decisions {rElec
                  | rPois rF+} (Okawaru gifted it to you in an ice cave)
 13497 | IceCv    | Received a gift from Okawaru
 13728 | IceCv    | Reached XP level 12. HP: 77/103 MP: 6/15
 13847 | IceCv    | Noticed an ice dragon
 13867 | IceCv    | Killed an ice dragon
 14045 | IceCv    | Identified the ring "Nuxtas" {EV+4 Str+2 Dex+2 Stlth+}
 15117 | Lair:1   | Reached skill level 14 in Ranged Weapons
 15146 | Lair:1   | You fall into a shaft and drop 1 floor!
 15234 | Lair:2   | Found a staircase to the Snake Pit.
 15259 | Lair:2   | Identified the +0 pair of boots of the King of the Hill
                  | {rF+ Dex+4 Stlth+} (Okawaru gifted it to you on level 2 of
                  | the Lair of Beasts)
 15259 | Lair:2   | Received a gift from Okawaru
 16094 | Lair:2   | Noticed an eight-headed hydra
 16107 | Lair:2   | Killed an eight-headed hydra
 16147 | Lair:2   | Noticed a five-headed hydra
 16740 | Lair:2   | Killed a five-headed hydra
 16832 | Lair:2   | Found a staircase to the Swamp.
 16988 | Lair:3   | Noticed Snorg
 16995 | Lair:2   | Reached XP level 13. HP: 105/111 MP: 17/17
 17186 | Lair:3   | Found a dark tunnel.
 17243 | Lair:3   | Killed Snorg
 17347 | Volcano  | Entered a volcano
 18080 | Lair:3   | Reached skill level 10 in Fighting
 19055 | Lair:4   | Noticed Urug
 19060 | Lair:4   | Killed Urug
 19060 | Lair:4   | Received a gift from Okawaru
 19177 | Lair:4   | Reached skill level 15 in Ranged Weapons
 19407 | Lair:5   | Entered Level 5 of the Lair of Beasts
 19738 | Lair:4   | Reached skill level 10 in Armour
 20210 | Lair:5   | Reached XP level 14. HP: 69/122 MP: 15/19
 20235 | Lair:5   | Identified the +1 pair of gloves of the Other Side {Contam
                  | *Corrode Dex+5 Stlth+} (Okawaru gifted it to you on level 5
                  | of the Lair of Beasts)
 20235 | Lair:5   | Received a gift from Okawaru
 20867 | Lair:5   | Identified the +10 dagger "Zypry" {vamp, rElec rN+ Str+4
                  | Dex+3}
 21387 | Lair:5   | Found a staircase to the Slime Pits.
 21664 | Lair:5   | Identified the ring "Maycaett" {rPois rC+ Stlth+}
 21979 | Orc:1    | Entered Level 1 of the Orcish Mines
 22053 | Orc:1    | Found Caytihao's Weapon Shop.
 22105 | Orc:1    | Noticed Gastronok
 22125 | Orc:1    | Killed Gastronok
 22126 | Orc:1    | Reached skill level 16 in Ranged Weapons
 22402 | Orc:2    | Entered Level 2 of the Orcish Mines
 22461 | Orc:2    | Found a staircase to the Elven Halls.
 22487 | Orc:2    | Noticed an orc warlord
 22504 | Orc:2    | Reached skill level 10 in Dodging
 22534 | Orc:2    | Killed an orc warlord
 22977 | Orc:2    | Reached ****** piety under Okawaru
 23337 | Orc:2    | Received a gift from Okawaru
 23338 | Orc:2    | Reached XP level 15. HP: 118/132 MP: 20/20
 23415 | Orc:2    | Found Keil's Antique Weapon Shop.
 23415 | Orc:2    | Found Jinohir's Magic Scroll Shoppe.
 23416 | Orc:2    | Found Ivvaobuh's Antique Weapon Emporium.
 23416 | Orc:2    | Found Niukhlyen's Antique Armour Shop.
 23424 | Orc:2    | Bought a scroll of butterflies for 60 gold pieces
 23424 | Orc:2    | Bought a scroll of poison for 60 gold pieces
 23424 | Orc:2    | Bought a scroll of teleportation for 45 gold pieces
 25514 | D:14     | Reached skill level 17 in Ranged Weapons
 25525 | D:14     | Identified the +3 tower shield of Somewhere Else {Str+4}
 25527 | D:14     | Found a gate to the Vaults.
 25602 | D:15     | Entered Level 15 of the Dungeon
 25602 | D:15     | Found a broken altar of Ashenzari.
 26733 | D:15     | Received a gift from Okawaru
 26816 | D:15     | Found a staircase to the Depths.
 27221 | Swamp:1  | Entered Level 1 of the Swamp
 28031 | Swamp:1  | Reached skill level 10 in Invocations
 28857 | Swamp:2  | Identified a scroll of acquirement
 28973 | Swamp:2  | Acquired the +0 hat of Kotopn {Will+ MP+9 Dex+4 Slay+2}
 29174 | Swamp:3  | Reached XP level 16. HP: 123/141 MP: 22/22
 29178 | Swamp:3  | Received a gift from Okawaru
 29336 | Swamp:3  | Noticed Jorgrun
 29375 | Swamp:3  | Noticed Mara
 29377 | Swamp:3  | Noticed lampshaded's illusion
 29447 | Swamp:3  | Reached skill level 18 in Ranged Weapons
 29645 | Swamp:3  | Killed Jorgrun
 29749 | Swamp:3  | Noticed lampshaded's illusion
 29765 | Swamp:3  | Killed Mara
 30320 | Swamp:4  | Entered Level 4 of the Swamp
 30344 | Swamp:4  | Received a gift from Okawaru
 30911 | Swamp:4  | Identified the +1 ring mail "Bigeb" {Rampage rPois rC+
                  | Str+4}
 31522 | Swamp:4  | Received a gift from Okawaru
 31735 | Swamp:4  | Got a decaying rune of Zot
 32188 | Snake:1  | Entered Level 1 of the Snake Pit
 32188 | Snake:1  | Found a radiant altar of Vehumet.
 32806 | Snake:1  | Received a gift from Okawaru
 33391 | Snake:2  | Reached XP level 17. HP: 142/152 MP: 24/24
 33397 | Snake:2  | Found Wesofryro's Assorted Antiques.
 33540 | Snake:2  | Bought a scroll of blinking for 195 gold pieces
 33635 | Snake:2  | Found Piotaane's Magic Scroll Shop.
 33645 | Snake:2  | Found Seamuch's Weapon Emporium.
 33646 | Snake:2  | Received a gift from Okawaru
 34226 | Snake:3  | Reached skill level 19 in Ranged Weapons
 34332 | Snake:3  | Noticed Bai Suzhen
 34337 | Snake:3  | Killed Bai Suzhen
 34545 | Snake:3  | Identified the +8 executioner's axe of Nightmares {elec,
                  | rC+ Will- MP+9 Str+3} (Okawaru gifted it to you on level 3
                  | of the Snake Pit)
 34545 | Snake:3  | Received a gift from Okawaru
 35404 | Snake:4  | Entered Level 4 of the Snake Pit
 35773 | Snake:4  | Reached skill level 15 in Fighting
 35849 | Snake:4  | Reached skill level 15 in Armour
 36044 | Snake:4  | Identified the +1 pair of boots of Circular Logic {*Slow
                  | Will- Dex+9} (Okawaru gifted it to you on level 4 of the
                  | Snake Pit)
 36044 | Snake:4  | Received a gift from Okawaru
 36098 | Snake:4  | Reached XP level 18. HP: 34/163 MP: 26/26
 36416 | Snake:4  | Got a serpentine rune of Zot
 36974 | Snake:4  | Reached skill level 20 in Ranged Weapons
 37666 | Vaults:1 | Entered Level 1 of the Vaults
 38182 | Vaults:1 | Identified the +7 war axe of Heje {vorpal, rN+ Stlth+}
                  | (Okawaru gifted it to you on level 1 of the Vaults)
 38182 | Vaults:1 | Received a gift from Okawaru
 38288 | Vaults:1 | Identified the +1 chain mail of Ukhlouce {rC++}
 39131 | Vaults:1 | Found Netiuffunlu's Book Boutique.
 39131 | Vaults:1 | Found Nuarr's Weapon Boutique.
 39152 | Vaults:1 | Identified the +9 rapier "Qameub" {spect, Will+ Str-3
                  | Dex+4} (Okawaru gifted it to you on level 1 of the Vaults)
 39152 | Vaults:1 | Received a gift from Okawaru
 39248 | Vaults:1 | Found Raetoili's General Store.
 39374 | Vaults:1 | Noticed Asterion
 39377 | Vaults:1 | Killed Asterion
 39503 | Vaults:1 | Reached skill level 21 in Ranged Weapons
 39734 | Vaults:2 | Reached skill level 15 in Dodging
 39842 | Vaults:2 | Reached XP level 19. HP: 174/174 MP: 27/27
 39888 | Vaults:2 | Acquired 815 gold pieces
 39902 | Vaults:2 | Identified the +10 shortbow "Kifisibo" {drain, Int+2}
                  | (Okawaru gifted it to you on level 2 of the Vaults)
 39902 | Vaults:2 | Received a gift from Okawaru
 41187 | Vaults:3 | Received a gift from Okawaru
 41326 | Vaults:3 | You fall into a shaft and drop 1 floor!
 41413 | Vaults:3 | Reached skill level 22 in Ranged Weapons
 41652 | Vaults:3 | Identified the +9 sling of Entrepreneurial Spirit {drain,
                  | Fly rN+ Str+5 Dex-3}
 42064 | Vaults:3 | Identified the +4 plate armour of the Moon Troll {Harm rC+
                  | Str+2 Dex-5}
 42155 | Vaults:3 | Paralysed by a sphinx for 4 turns
 42177 | Vaults:3 | Received a gift from Okawaru
 43274 | Vaults:3 | Found a staircase to the Crypt.
 43858 | Vaults:4 | Noticed Jory
 43866 | Vaults:4 | Killed Jory
 43867 | Vaults:4 | Reached XP level 20. HP: 187/187 MP: 28/28
 44456 | Vaults:4 | Received a gift from Okawaru
 44714 | Vaults:4 | Noticed Frederick
 44737 | Vaults:4 | Killed Frederick
 45080 | Vaults:5 | Entered Level 5 of the Vaults
 45584 | Depths:1 | Entered Level 1 of the Depths
 45737 | Depths:1 | Identified the +8 short sword of Xom's Hatred {spect, rF+
                  | Dex-2 Stlth+}
 45739 | Depths:1 | Found a portal to a secret trove of treasure.
 45898 | Depths:1 | Found a one-way gate to the infinite horrors of the Abyss.
 45955 | Depths:1 | Noticed a juggernaut
 45964 | Depths:1 | Killed a juggernaut
 45965 | Depths:1 | Reached skill level 23 in Ranged Weapons
 46183 | Depths:1 | Received a gift from Okawaru
 46306 | Depths:1 | Identified the +1 troll leather armour of Circular Logic
                  | {Regen+ Str+3}
 46526 | Depths:1 | Found a gateway to Hell.
 47179 | Depths:2 | Found Pesurchiehi's General Store.
 47412 | Depths:2 | Found a one-way gate leading to the halls of Pandemonium.
 47785 | Depths:3 | Reached XP level 21. HP: 161/198 MP: 29/29
 47786 | Depths:3 | Received a gift from Okawaru
 48059 | Depths:3 | Noticed a caustic shrike
 48064 | Depths:3 | Killed a caustic shrike
 48129 | Depths:3 | Identified the +3 cloak of Cheibriados's Esteem {Int+3}
 48517 | Depths:3 | Identified the +2 helmet "Luofoed" {Slay+2}
 48542 | Depths:3 | Received a gift from Okawaru
 49022 | Depths:3 | Found an ancient bone altar of Kikubaaqudgha.
 49059 | Depths:3 | Found Igritid's Book Shoppe.
 49059 | Depths:3 | Found Dieteri's Distillery.
 49123 | Depths:3 | Received a gift from Okawaru
 49620 | Depths:3 | Identified the +2 ring mail of Hysteria {Will+}
 49945 | Depths:3 | Learned a level 1 spell: Apportation
 49948 | Depths:3 | Learned a level 2 spell: Blink
 49999 | Depths:4 | Entered Level 4 of the Depths
 50483 | Depths:4 | Found a one-way gateway to a ziggurat.
 50515 | Depths:4 | Reached skill level 24 in Ranged Weapons
 50542 | Depths:4 | Found a snail-covered altar of Cheibriados.
 50690 | Depths:4 | Noticed a caustic shrike
 50690 | Depths:4 | Noticed a caustic shrike
 50690 | Depths:4 | Noticed a caustic shrike
 50691 | Depths:4 | Noticed a caustic shrike
 50691 | Depths:4 | Noticed a caustic shrike
 50694 | Depths:4 | Killed a caustic shrike
 50694 | Depths:4 | Identified the +1 pair of gloves of Bursted the Leaf
                  | {Int+2} (Okawaru gifted it to you on level 4 of the Depths)
 50694 | Depths:4 | Received a gift from Okawaru
 50697 | Depths:4 | Killed a caustic shrike
 50701 | Depths:4 | Killed a caustic shrike
 50705 | Depths:4 | Killed a caustic shrike
 50710 | Depths:4 | Killed a caustic shrike
 51056 | Depths:4 | Noticed Margery
 51065 | Depths:4 | Killed Margery
 51076 | Depths:4 | Reached XP level 22. HP: 211/211 MP: 30/30
 51278 | Depths:4 | Found a gate to the Realm of Zot.
 52465 | Vaults:5 | Identified the +1 robe of Valiance {Rampage Str+2} (Okawaru
                  | gifted it to you on level 5 of the Vaults)
 52465 | Vaults:5 | Received a gift from Okawaru
 52868 | Vaults:5 | Identified the +0 ring mail of Viny Brilliance {+Inv Fly
                  | Regen+}
 52950 | Vaults:5 | Got the Secrets of the Ego
 53084 | Vaults:5 | Identified the ring of Autotheism {Fly rF+ MP+9 Dex+2
                  | Slay+2}
 53180 | Vaults:5 | Found the +10 zealot's sword {holy, *Rage rN+ EV+3}
 53813 | Depths:1 | You paid a toll of +3 storm dragon scales to enter a
                  | treasure trove
 53814 | Trove    | Entered a treasure trove
 54400 | Vaults:5 | Got a silver rune of Zot
 54551 | Vaults:5 | Noticed a dread lich
 54553 | Vaults:5 | Killed a dread lich
 54707 | Vaults:5 | Received a gift from Okawaru
 55181 | Elf:1    | Entered Level 1 of the Elven Halls
 55230 | Elf:1    | Found Lixilae's Assorted Antiques.
 55473 | Elf:1    | Reached skill level 10 in Evocations
 55614 | Elf:1    | Reached XP level 23. HP: 221/221 MP: 31/31
 55954 | Elf:2    | Reached skill level 25 in Ranged Weapons
 56095 | Elf:2    | Received a gift from Okawaru
 56301 | Elf:2    | Found Pybbuwir's Jewellery Emporium.
 56338 | Elf:2    | Found a shimmering blue altar of Sif Muna.
 56567 | Elf:2    | Found a runed translucent gate.
 56567 | Elf:2    | Found a runed translucent gate.
 56567 | Elf:2    | Found a runed translucent gate.
 57010 | Elf:3    | Entered Level 3 of the Elven Halls
 57297 | Elf:3    | Noticed Roxanne
 57304 | Elf:3    | Killed Roxanne
 57851 | Elf:3    | Identified the ring of Checkmate {Fly Dex+4}
 57876 | Elf:3    | Received a gift from Okawaru
 57877 | Elf:3    | Reached skill level 1 in Spellcasting
 57877 | Elf:3    | Reached skill level 1 in Translocations
 57926 | Elf:3    | Identified the +4 dagger "Tuillo" {antimagic, Str+6 SInv}
 57937 | Elf:3    | Noticed Donald
 57946 | Elf:3    | Killed Donald
 57962 | Elf:3    | Identified the ring "Purur" {rPois rF+ rN++ rCorr Stlth+}
 58274 | Elf:3    | Identified the +4 shortbow "Lorpheh" {antimagic, Int+5}
 58324 | Elf:3    | Identified the ring of Araz {Wiz rElec rPois rN++ Stlth+}
 58354 | Elf:3    | Identified the +6 trident "Ejaboff" {flame, Fragile rElec
                  | Stlth+}
 58479 | Elf:3    | Identified the +3 flail of Qenyar {flame, rElec}
 58485 | Elf:3    | Got Xinodois's Exposition on the Blaze and the Snowflakes
 58491 | Elf:3    | Got Sif Muna's Collected Works on Red-Hot Displacement
 58514 | Elf:3    | Identified the amulet of the Terrible Sultana {Acrobat
                  | rElec rF- Will+ Dex+4}
 58524 | Elf:3    | Identified the +0 leather armour "Wieselyi" {-Tele Harm
                  | rElec Str+4}
 58920 | Slime:1  | Entered Level 1 of the Pits of Slime
 59571 | Slime:2  | Learned a level 3 spell: Gell's Gravitas
 59586 | Slime:2  | Gained mutation: You occasionally lose the ability to drink
                  | potions when taking damage. [a shining eye]
 59825 | Slime:3  | Paralysed by a floating eye for 2 turns
 59834 | Slime:3  | Paralysed by a floating eye for 3 turns
 59844 | Slime:3  | Paralysed by a floating eye for 3 turns
 60069 | Slime:3  | Reached XP level 24. HP: 233/233 MP: 31/31
 60493 | Slime:4  | Noticed Dissolution
 60501 | Slime:4  | Killed Dissolution
 60517 | Slime:4  | Gained mutation: Armour fits poorly on your strangely
                  | shaped body. [a shining eye]
 60526 | Slime:4  | Gained mutation: You are clumsy. (Dex -2) [a shining eye]
 60534 | Slime:3  | Received a gift from Okawaru
 60854 | Slime:4  | Lost mutation: You are clumsy. (Dex -2) [potion of
                  | mutation]
 60854 | Slime:4  | Lost mutation: Armour fits poorly on your strangely shaped
                  | body. [potion of mutation]
 60854 | Slime:4  | Gained mutation: You are frail. (-10% HP) [potion of
                  | mutation]
 60854 | Slime:4  | Gained mutation: Your spells are a little harder to cast,
                  | but a little more powerful. [potion of mutation]
 60859 | Slime:4  | Lost mutation: You are frail. (-10% HP) [potion of
                  | mutation]
 60859 | Slime:4  | Lost mutation: You occasionally lose the ability to drink
                  | potions when taking damage. [potion of mutation]
 60859 | Slime:4  | Gained mutation: Your mind is acute. (Int +4, Str/Dex -1)
                  | [potion of mutation]
 60859 | Slime:4  | Gained mutation: Your muscles are strong. (Str +4, Int/Dex
                  | -1) [potion of mutation]
 60859 | Slime:4  | Lost mutation: Your mind is acute. (Int +4, Str/Dex -1)
                  | [potion of mutation]
 60872 | Slime:5  | Entered Level 5 of the Pits of Slime
 60908 | Slime:5  | Received a gift from Okawaru
 60911 | Slime:5  | Noticed the Royal Jelly
 60939 | Slime:5  | Gained mutation: You have hidden genetic defects. [a
                  | shining eye]
 61325 | Slime:5  | Killed the Royal Jelly
 61649 | Slime:5  | Identified the amulet "Aretoif" {RegenMP +Blink Stlth+}
 61748 | Slime:5  | Got Lituorag's Grimoire of Sandy Congelation
 61750 | Slime:5  | Got a slimy rune of Zot
 61752 | Slime:5  | Got Roteg's Volume of Vitiation and Embers
 61795 | Slime:5  | Identified the +0 steam dragon scales "Qejel" {rC- rN++}
 61802 | Slime:5  | Identified the +5 mace of War {vorpal, Will++ Dex+4}
 62005 | Slime:5  | Reached skill level 15 in Evocations
 63135 | D:5      | Killed Crazy Yiuf
 63342 | Snake:2  | Bought a scroll of teleportation for 33 gold pieces
 63342 | Snake:2  | Bought a scroll of teleportation for 33 gold pieces
 63342 | Snake:2  | Bought 3 scrolls of teleportation for 99 gold pieces
 63655 | Depths:2 | Bought a scroll of teleportation for 45 gold pieces
 63655 | Depths:2 | Bought 2 potions of haste for 300 gold pieces
 63655 | Depths:2 | Bought a scroll of immolation for 60 gold pieces
 63655 | Depths:2 | Bought a scroll of blinking for 112 gold pieces
 63698 | Depths:3 | Bought a potion of curing for 45 gold pieces
 63698 | Depths:3 | Bought a potion of mutation for 120 gold pieces
 63698 | Depths:3 | Bought a potion of might for 60 gold pieces
 63698 | Depths:3 | Bought a potion of curing for 45 gold pieces
 63698 | Depths:3 | Bought a potion of invisibility for 120 gold pieces
 63879 | D:11     | Bought a potion of curing for 105 gold pieces
 63879 | D:11     | Bought a scroll of blinking for 262 gold pieces
 63993 | Orc:2    | Bought a scroll of blinking for 112 gold pieces
 64056 | Elf:1    | Bought a potion of might for 108 gold pieces
 64391 | Zot:1    | Entered Level 1 of the Realm of Zot
 65178 | Zot:1    | Gained mutation: You occasionally lose the ability to read
                  | scrolls when taking damage. [hidden defects]
 65206 | Zot:1    | Lost mutation: You occasionally lose the ability to read
                  | scrolls when taking damage. [potion of mutation]
 65206 | Zot:1    | Lost mutation: Your spells are a little harder to cast, but
                  | a little more powerful. [potion of mutation]
 65206 | Zot:1    | Lost mutation: Your muscles are strong. (Str +4, Int/Dex
                  | -1) [potion of mutation]
 65206 | Zot:1    | Gained mutation: You are partially covered in iridescent
                  | scales. (AC +2) [potion of mutation]
 65207 | Zot:1    | Lost mutation: You are partially covered in iridescent
                  | scales. (AC +2) [potion of mutation]
 65207 | Zot:1    | Lost mutation: You have hidden genetic defects. [potion of
                  | mutation]
 65207 | Zot:1    | Gained mutation: You are weak. (Str -2) [potion of
                  | mutation]
 65207 | Zot:1    | Gained mutation: Your body sometimes deteriorates upon
                  | taking damage. [potion of mutation]
 65207 | Zot:1    | Gained mutation: You have sharp toenails. [potion of
                  | mutation]
 65207 | Zot:1    | Gained mutation: You possess an exceptional clarity of
                  | mind. [potion of mutation]
 65326 | Zot:1    | Reached skill level 26 in Ranged Weapons
 65563 | Zot:1    | Noticed Parghit
 65568 | Zot:1    | Killed Parghit
 66010 | Zot:2    | Identified the +9 quarterstaff of Imminent Death {venom,
                  | Fragile rN+++ Will+} (Okawaru gifted it to you on level 2
                  | of the Realm of Zot)
 66010 | Zot:2    | Received a gift from Okawaru
 66137 | Zot:2    | Noticed a Killer Klown
 66143 | Zot:2    | Killed a Killer Klown
 67613 | Zot:3    | You fall into a shaft and drop 1 floor!
 67695 | Zot:3    | Received a gift from Okawaru
 67789 | Zot:3    | Reached XP level 25. HP: 243/243 MP: 31/31
 68671 | Zot:4    | Noticed a Killer Klown
 68682 | Zot:4    | Killed a Killer Klown
 68763 | Zot:4    | Reached skill level 5 in Translocations
 69405 | Zot:4    | Reached skill level 5 in Spellcasting
 69417 | Zot:4    | Identified the +3 hand axe of Recklessness {protect, rC+
                  | Stlth+}
 69806 | Zot:4    | Identified the ring of the Pure Songs {Ice rElec Str+3
                  | Int+4 Stlth-}
 69806 | Zot:4    | Noticed Josephina
 69810 | Zot:4    | Killed Josephina
 69854 | Zot:5    | Entered Level 5 of the Realm of Zot
 69909 | Zot:5    | Found a transporter.
 69920 | Zot:5    | Found a transporter.
 69923 | Zot:5    | Found a transporter.
 69925 | Zot:5    | Found a transporter.
 69957 | Zot:5    | Found a transporter.
 69961 | Zot:5    | Found a transporter.
 70178 | Zot:5    | Received a gift from Okawaru
 70291 | Zot:5    | Reached skill level 10 in Stealth
 70299 | Zot:5    | Noticed a dread lich
 70347 | Zot:5    | Noticed an ancient lich
 70347 | Zot:5    | Noticed a dread lich
 70359 | Zot:5    | Noticed a Killer Klown
 70367 | Zot:5    | Killed an ancient lich
 70368 | Zot:5    | Reached skill level 27 in Ranged Weapons
 70824 | Zot:5    | Killed a Killer Klown
 70845 | Zot:5    | Killed a dread lich
 71066 | Zot:5    | Noticed an orb of fire
 71074 | Zot:5    | Gained mutation: You do not regenerate when monsters are
                  | visible. [an orb of fire]
 71077 | Zot:5    | Killed an orb of fire
 71077 | Zot:5    | Received a gift from Okawaru
 71078 | Zot:5    | Lost mutation: You possess an exceptional clarity of mind.
                  | [potion of mutation]
 71078 | Zot:5    | Lost mutation: You do not regenerate when monsters are
                  | visible. [potion of mutation]
 71078 | Zot:5    | Gained mutation: Your flesh is heat resistant. (rF+)
                  | [potion of mutation]
 71078 | Zot:5    | Gained mutation: You have an increased reservoir of magic.
                  | (+10% MP) [potion of mutation]
 71079 | Zot:5    | Noticed a Killer Klown
 71087 | Zot:5    | Noticed an ancient lich
 71094 | Zot:5    | Killed an ancient lich
 71096 | Zot:5    | Killed a Killer Klown
 71096 | Zot:5    | Identified the +5 ring mail of Depression {Drain rPois
                  | Will+ Str+5} (Okawaru gifted it to you on level 5 of the
                  | Realm of Zot)
 71096 | Zot:5    | Received a gift from Okawaru
 71257 | Zot:5    | Noticed a dread lich
 71260 | Zot:5    | Noticed an orb of fire
 71265 | Zot:5    | Killed a dread lich
 71270 | Zot:5    | Killed an orb of fire
 71271 | Zot:5    | Noticed a Killer Klown
 71272 | Zot:5    | Reached XP level 26. HP: 215/258 MP: 36/36
 71275 | Zot:5    | Noticed an orb of fire
 71280 | Zot:5    | Noticed an orb of fire
 71280 | Zot:5    | Gained mutation: You are frail. (-10% HP) [an orb of fire]
 71281 | Zot:5    | Killed an orb of fire
 71290 | Zot:5    | Noticed an orb of fire
 71292 | Zot:5    | Killed an orb of fire
 71300 | Zot:5    | Killed an orb of fire
 71309 | Zot:5    | Noticed a dread lich
 71316 | Zot:5    | Killed a dread lich
 71323 | Zot:5    | Noticed an ancient lich
 71327 | Zot:5    | Killed a dread lich
 71334 | Zot:5    | Killed an ancient lich
 71354 | Zot:5    | Noticed an orb of fire
 71354 | Zot:5    | Noticed a dread lich
 71359 | Zot:5    | Killed a dread lich
 71394 | Zot:5    | Killed an orb of fire
 71560 | Zot:5    | Lost mutation: Your body sometimes deteriorates upon taking
                  | damage. [potion of mutation]
 71560 | Zot:5    | Lost mutation: You have an increased reservoir of magic.
                  | (+10% MP) [potion of mutation]
 71560 | Zot:5    | Lost mutation: You are frail. (-10% HP) [potion of
                  | mutation]
 71560 | Zot:5    | Gained mutation: You possess an exceptional clarity of
                  | mind. [potion of mutation]
 72155 | D:6      | Fell from the grace of Okawaru
 72155 | D:6      | Became a worshipper of the Shining One
 74731 | Crypt:1  | Entered Level 1 of the Crypt
 74781 | Crypt:1  | Reached * piety under the Shining One
 74855 | Crypt:1  | Reached ** piety under the Shining One
 75009 | Crypt:1  | Reached *** piety under the Shining One
 75040 | Crypt:1  | Found a huge runed gate.
 75040 | Crypt:1  | Found a huge runed gate.
 75040 | Crypt:1  | Found a huge runed gate.
 75041 | Crypt:1  | Found a huge runed gate.
 75041 | Crypt:1  | Found a huge runed gate.
 75044 | Crypt:1  | Found a huge runed gate.
 75044 | Crypt:1  | Found a huge runed gate.
 75044 | Crypt:1  | Found a huge runed gate.
 75045 | Crypt:1  | Found a huge runed gate.
 75046 | Crypt:1  | Found a huge runed gate.
 75046 | Crypt:1  | Found a huge runed gate.
 75047 | Crypt:1  | Found a huge runed gate.
 75048 | Crypt:1  | Found a huge runed gate.
 75049 | Crypt:1  | Found a huge runed gate.
 75050 | Crypt:1  | Found a huge runed gate.
 75051 | Crypt:1  | Found a huge runed gate.
 75352 | Crypt:1  | Noticed Xtahua
 75356 | Crypt:1  | Killed Xtahua
 75357 | Crypt:1  | Reached skill level 15 in Invocations
 75452 | Crypt:1  | Found a huge runed gate.
 75459 | Crypt:1  | Found a huge runed gate.
 75459 | Crypt:1  | Found a huge runed gate.
 75459 | Crypt:1  | Found a huge runed gate.
 75459 | Crypt:1  | Found a huge runed gate.
 75459 | Crypt:1  | Found a huge runed gate.
 75459 | Crypt:1  | Found a huge runed gate.
 75460 | Crypt:1  | Found a huge runed gate.
 75461 | Crypt:1  | Found a huge runed gate.
 75462 | Crypt:1  | Found a huge runed gate.
 75470 | Crypt:1  | Found a huge runed gate.
 75470 | Crypt:1  | Found a huge runed gate.
 75470 | Crypt:1  | Found a huge runed gate.
 75470 | Crypt:1  | Found a huge runed gate.
 75470 | Crypt:1  | Found a huge runed gate.
 75470 | Crypt:1  | Found a huge runed gate.
 75471 | Crypt:1  | Found a huge runed gate.
 75472 | Crypt:1  | Found a huge runed gate.
 75473 | Crypt:1  | Found a huge runed gate.
 75482 | Crypt:1  | Found a huge runed gate.
 75538 | Crypt:1  | Reached **** piety under the Shining One
 75721 | Crypt:1  | Noticed an ancient lich
 75721 | Crypt:1  | Noticed an ancient lich
 75721 | Crypt:1  | Noticed a dread lich
 75721 | Crypt:1  | Reached ***** piety under the Shining One
 75733 | Crypt:1  | Killed an ancient lich
 75746 | Crypt:1  | Killed a dread lich
 75749 | Crypt:1  | Killed an ancient lich
 76990 | Crypt:3  | Entered Level 3 of the Crypt
 77123 | Crypt:3  | Reached ****** piety under the Shining One
 77125 | Crypt:3  | Identified a +9 triple crossbow of holy wrath (a +9 triple
                  | crossbow of freezing blessed by the Shining One)
 77125 | Crypt:3  | Received a gift from the Shining One
 77210 | Crypt:3  | Found a basalt altar of Yredelemnul.
 77222 | Crypt:3  | Reached XP level 27. HP: 254/266 MP: 34/34
 77231 | Crypt:3  | Found an ancient bone altar of Kikubaaqudgha.
 77610 | Crypt:3  | Noticed Sojobo
 77635 | Crypt:3  | Killed Sojobo
 78020 | Crypt:3  | Identified the +6 quarterstaff of Zupygo {freeze, Str+4}
 78089 | Crypt:3  | Found a staircase to the Tomb.
 78448 | Depths:1 | Voluntarily entered the Abyss.
 78477 | Abyss:1  | Found a sacrificial altar of Ru.
 78792 | Abyss:1  | Learned a level 2 spell: Wereblood
 78796 | Abyss:1  | Learned a level 3 spell: Ozocubu's Armour
 78800 | Abyss:1  | Learned a level 3 spell: Portal Projectile
 78805 | Abyss:1  | Learned a level 4 spell: Leda's Liquefaction
 78811 | Abyss:1  | Learned a level 5 spell: Alistair's Intoxication
 78817 | Abyss:1  | Learned a level 5 spell: Metabolic Englaciation
 78824 | Abyss:1  | Learned a level 6 spell: Eringya's Noxious Bog
 79052 | Abyss:3  | Reached skill level 1 in Transmutations
 79070 | Abyss:3  | Found a corrupted altar of Lugonu.
 79090 | Abyss:3  | Found a corrupted altar of Lugonu.
 79110 | Abyss:3  | Found a burning altar of Makhleb.
 79208 | Abyss:3  | Found a corrupted altar of Lugonu.
 79421 | Abyss:3  | Got an abyssal rune of Zot
 79460 | Depths:1 | Escaped the Abyss
 79510 | Hell     | Entered the Vestibule of Hell
 79510 | Hell     | Noticed Geryon
 79543 | Hell     | Killed Geryon
 79566 | Hell     | Identified the +2 tower shield "Impaejou" {Str+4 Int-4}
 79629 | Hell     | Found a gateway to the ashen valley of Gehenna.
 79637 | Geh:1    | Entered Level 1 of Gehenna
 79659 | Geh:1    | Reached skill level 5 in Transmutations
 80086 | Geh:2    | Reached skill level 1 in Earth Magic
 80094 | Geh:2    | Reached skill level 1 in Hexes
 80094 | Geh:2    | Reached skill level 1 in Ice Magic
 80094 | Geh:2    | Reached skill level 1 in Poison Magic
 80774 | Geh:3    | Noticed an ancient lich
 80785 | Geh:3    | Killed an ancient lich
 81740 | Geh:6    | Reached skill level 5 in Earth Magic
 81962 | Geh:6    | Was forgiven by Okawaru
 82397 | Geh:7    | Entered Level 7 of Gehenna
 82515 | Geh:7    | Reached skill level 5 in Hexes
 82973 | Geh:7    | Identified the +1 rapier of the Enchanting Wolf {drain,
                  | rElec rPois rN+}
 83173 | Geh:7    | Found the +7 sceptre of Asmodeus
 83173 | Geh:7    | Noticed Asmodeus
 83190 | Geh:7    | Killed Asmodeus
 83191 | Geh:7    | Reached skill level 5 in Ice Magic
 83191 | Geh:7    | Reached skill level 5 in Poison Magic
 83589 | Geh:7    | Got an obsidian rune of Zot
 84200 | Hell     | Found a gateway to the decaying netherworld of Tartarus.
 84252 | Hell     | Found a gateway to the freezing wastes of Cocytus.
 84340 | Hell     | Found a gateway to the Iron City of Dis.
 84571 | Dis:1    | Entered Level 1 of the Iron City of Dis
 84892 | Dis:2    | You fall into a shaft and drop 1 floor!
 84927 | Dis:3    | HP: 2/235 [caustic shrike (19)]
 84927 | Dis:3    | Splashed by a caustic shrike's acid

Illustrated notes

Levels and vault maps discovered:
D:1:      shiori_arrival_elements, layout_loops_ring, grunt_decor_arrowhead
D:2:      layout_basic, basic_altar, grunt_ministairs_1, corexii_hall_statues_l,
          serial_park_tiny_2, roderic_three_in_a_row
D:3:      layout_basic, grunt_ministairs_1
D:4:      layout_loops_corners, mainiacjoe_overflow_alcove_1,
          nemelex_dance_club_becter, nicolae_kite_square_tiling_tiny
D:5:      layout_loops_ring, uniq_crazy_yiuf_cottage
D:6:      layout_rooms, chequers_temple_overflow_statue_of_worship,
          minmay_temple_entry_statues, interstate_on_off
D:7:      layout_layer_cave, grunt_dithmenos_smoke_and_mirrors
D:8:      layout_basic, gammafunk_temple_overflow_statue,
          hellmonk_lair_entry_icy, uniq_psyche
D:9:      layout_basic, orc_david_3
D:10:     layout_irregular_city, nicolae_shop_overcharged_wands
D:11:     layout_irregular_city, serial_ice, serial_ice_h, serial_ice_b,
          serial_ice_e, serial_ice_m, serial_ice_k, serial_ice_g, serial_shops,
          nicolae_stop_n_shop_1, serial_bayou_pond_a, kennysheep_another_room
D:12:     layout_stronghold
D:13:     layout_basic
D:14:     layout_roguey, ximxim_vaults_locker_room, minmay_statue_bubble
D:15:     gammafunk_enter_depths_forms, layout_basic,
          nicolae_ashenzari_skybound, chequers_garden
Temple:   cyrus_circular_temple
Lair:1:   layout_long_grid, portal_ice_cave_entry_imps, serial_bayou,
          serial_bayou_shore_b, serial_bayou_crossing, serial_bayou_lagoon_a,
          serial_bayou_lagoon_b, dreamdust_mushroom_princess, st_stairs_10
Lair:2:   layout_hall_layers, palyth_hydra_swamp_entry,
          minmay_snake_entry_guardpost_large
Lair:3:   layout_cave_pods, lightli_volcano_entry_magma_tube, minivault_19,
          uniq_snorg
Lair:4:   layout_long_grid, uniq_urug
Lair:5:   minmay_lair_end_frog_pond, layout_hall_layers,
          nicolae_slime_entry_slimehenge, grunt_forest_large_clearings
Swamp:1:  layout_falls_marsh, serial_swamp_ruin, evilmike_swamp_ruin_rubble_2,
          evilmike_swamp_ruin_house_4, swamp_pool2, nicolae_swamp_little_tower,
          infiniplex_staircase_pool
Swamp:2:  layout_falls_marsh, evilmike_swamp_ruin_house_2, swamp_pool2
Swamp:3:  layout_basic_swamp, nicolae_swamp_ascending_descending, swamp_pool5,
          uniq_jorgrun, uniq_mara
Swamp:4:  swamp_vile, layout_basic_swamp
Snake:1:  layout_chambers, basic_altar, serial_bayou_shore_a
Snake:2:  layout_rooms, serial_shops, shop, nicolae_shop_bloodbath_and_beyond,
          nicolae_shop_crystal, serial_bayou_pond_e, drop_trap
Snake:3:  layout_layer_cave, uniq_bai_suzhen
Snake:4:  grunt_snake_rune_pools, layout_cave_town, nicolae_coiled_stairwell_up
Slime:1:  layout_caves, cheibrodos_slime_lost_civilization_6
Slime:2:  cheibrodos_slime_lost_civilization_1, layout_caves,
          nicolae_slime_barrier
Slime:3:  layout_caves
Slime:4:  layout_caves, dissolution_awaits
Slime:5
Orc:1:    layout_caves, serial_shops, shop, uniq_gastronok
Orc:2:    st_orc_ogre_mass, layout_diamond_mine
Elf:1:    eino_elf_arrival_the_gate, layout_loops_ring, serial_shops, shop
Elf:2:    nicolae_elf_blades_splatter_lattice [nicolae_blade_lattice],
          layout_loops_cross, serial_shops, shop, lemuel_statue_altar,
          hangedman_elven_ridges
Elf:3:    nooodl_elf_gasket, layout_loops_corners, uniq_roxanne, uniq_donald
Vaults:1: nicolae_vaults_big_ls, nicolae_vaults_windows_and_doors_thing,
          vaults_room_pools, ontoclasm_vaults_fault, v_pattern_1,
          grunt_vaults_swirl, v_misc_28, v_misc_26, ontoclasm_vaults_ligature,
          hangedman_vaults_hard_town_square, layout_vaults_omnibox,
          uniq_asterion
Vaults:2: portal_desolation_entry_twin_temple, nicolae_vaults_ring_of_whatevers,
          st_lattice, ontoclasm_vaults_ring_large, ontoclasm_vaults_chip,
          hangedman_vaults_stitches, grunt_vaults_twisty, v_misc_4,
          vaults_mumra_hexcomb, vaults_standard_mumra_enter_the_diamond,
          ontoclasm_vaults_shuriken, vaults_room_semicircle,
          nicolae_vaults_little_squares_4, layout_vaults_ring
Vaults:3: grunt_vaults_diagonal, nicolae_vaults_minivaults,
          nicolae_vaults_twisting_passages, nicolae_vaults_asterisk,
          nicolae_vaults_network_square, hangedman_vaults_pinch,
          vaults_mumra_minichess_inversion, nicolae_vaults_shelves_hall,
          v_misc_24, minmay_crypt_entry_simple_box, v_misc_3,
          nicolae_vaults_three_branches, vaults_dpeg_encased_lava,
          ontoclasm_vaults_ring_square, nicolae_vaults_rhombus_5,
          layout_vaults_omnigrid
Vaults:4: hangedman_vaults_river_flow, v_misc_2, v_misc_29,
          ontoclasm_vaults_ring_square, nicolae_vaults_ring_of_whatevers,
          hangedman_vaults_nodes, v_alt_pattern_6, vaults_room_door_ring,
          vaults_mumra_minichess, layout_vaults_big_room, uniq_frederick,
          uniq_jory
Vaults:5
Crypt:1:  layout_misc_corridors, special_room [special_room_morgue], door_vault,
          uniq_xtahua
Crypt:2:  layout_regular_city
Crypt:3:  lightli_unholy_cathedral, layout_chaotic_city,
          tomb_entry_forgotten_bobbens, eino_tiny_chamber, uniq_sojobo
Depths:1: layout_gridlike, enter_trove_2, minmay_fountain_box, abyss_entry,
          hell_entry, minmay_microvault
Depths:2: minmay_bloctagon_deflated, layout_cave_pools, fountainhead,
          rand_demon_pan_entry_5, hell_entry, serial_shops,
          nicolae_shop_temple_entry_statues_fountains, abyss_entry,
          serial_column_ruins, column_ruins_hut, column_ruins_hut,
          column_ruins_open_small, column_ruins_grid_3, column_ruins_open_tiny,
          column_ruins_grid_3, column_ruins_corridor_straight,
          lemuel_nasty_fountain
Depths:3: hangedman_six_sided_sadism, layout_gridlike, grunt_hell_entry_dis_old,
          nicolae_kikubaaqudgha_miasma_corner, rand_demon_pan_entry_3,
          abyss_entry, minmay_shoptagon
Depths:4: grunt_zot_entry_gee_three, layout_cave_pools, enter_ziggurat_c,
          hell_entry, chequers_serial_rivers_large_b, dk_noncrumbling_2,
          fountainhead, cheibriados_altar_2, uniq_margery
Hell
Dis:1:    layout_jigsaw
Dis:2:    nicolae_dis_hell_towers
Dis:3:    nicolae_dis_heavy_security, layout_subdivisions
Geh:1:    nicolae_hells_demon_pit, layout_gehenna_pools_box
Geh:2:    layout_gehenna_lava_caves, nicolae_hells_seeping_fissure
Geh:3:    layout_gehenna_pools_box
Geh:4:    layout_gehenna_pools_triple
Geh:5:    layout_gehenna_pools_basic
Geh:6:    layout_gehenna_pools_basic, nicolae_hells_fiendish_ambush
Geh:7:    geh_hangedman
Zot:1:    layout_misc_corridors, grunt_megastairs_2, uniq_parghit
Zot:2:    layout_concentric_octagons, st_stairs_11
Zot:3:    layout_basic
Zot:4:    layout_misc_corridors, st_large_dragon_hoard_2, uniq_josephina
Zot:5:    layout_twisted_circle, st_stairs_2,
          hangedman_zot_decor_unnerving_road, serial_nicolae_subway,
          nicolae_sub_station_stone, nicolae_sub_station_crystal,
          nicolae_sub_station_metal

Skill      XL: |  1  2  3  4  5  6  7  8  9 10 11 12 13 14 15 16 17 18 19 20 21 22 23 24 25 26 27 |
---------------+----------------------------------------------------------------------------------+-----
Ranged Weapons | 5 6 7 8 9 10 11 12 13 14 15 16 17 18 19 21 22 23 24 25 26 27 | 27.0
Armour         | 1 2 3 4 5 6 7 9 10 11 12 14 15 16 17 19 20 21 22 23 | 23.0
Fighting       | 3 4 5 6 7 8 9 10 11 12 14 15 16 17 19 20 21 22 23 25 26 | 26.0
Stealth        | 1 2 4 6 7 8 9 10 12 13 | 13.0
Evocations     | 1 2 3 4 5 6 7 8 9 10 13 16 | 16.1
Dodging        | 3 4 5 6 7 8 9 10 11 12 13 15 16 17 18 19 20 21 22 23 | 23.0
Invocations    | 2 3 4 6 7 8 9 10 11 12 13 14 16 18 | 18.0
Spellcasting   | 2 4 6 7 8 |  8.0
Translocations | 2 4 6 8 9 |  9.0
Transmutations | 7 |  7.6
Earth Magic    | 7 |  7.6
Hexes          | 6 |  6.0
Ice Magic      | 5 |  5.8
Poison Magic   | 5 |  5.9

Action                   |  1- 3 |  4- 6 |  7- 9 | 10-12 | 13-15 | 16-18 | 19-21 | 22-24 | 25-27 || total
-------------------------+-------+-------+-------+-------+-------+-------+-------+-------+-------++-------
 Fire: Shortbow          |   126 |   143 |   367 |   484 |       |       |       |       |       ||  1120
       Arbalest          |       |       |       |   363 |  1082 |   256 |       |       |       ||  1701
       Triple crossbow   |       |       |       |       |       |   670 |  1057 |  1263 |  1771 ||  4761
 Cast: Blink             |       |       |       |       |       |       |       |       |     7 ||     7
       Gell's Gravitas   |       |       |       |       |       |       |       |       |     2 ||     2
       Apportation       |       |       |       |       |       |       |       |       |     1 ||     1
       Wereblood         |       |       |       |       |       |       |       |       |    12 ||    12
       Portal Projectile |       |       |       |       |       |       |       |       |    10 ||    10
Invok: Heroism           |       |       |     2 |    15 |    23 |    15 |    10 |     8 |     4 ||    77
       Finesse           |       |       |       |     4 |     3 |     4 |     9 |     8 |     3 ||    31
       Cleansing Flame   |       |       |       |       |       |       |       |       |    22 ||    22
       Divine Shield     |       |       |       |       |       |       |       |       |     5 ||     5
       Brand Weapon With |       |       |       |       |       |       |       |       |     1 ||     1
       Summon Divine War |       |       |       |       |       |       |       |       |     3 ||     3
Evoke: Lightning rod     |       |       |       |       |       |       |       |     4 |       ||     4
  Use: Scroll            |       |       |       |    19 |     7 |     8 |     2 |    14 |     2 ||    52
       Potion            |       |       |       |     2 |       |     5 |       |     4 |    12 ||    23
Armor: Leather armour    |    12 |     3 |       |       |       |       |       |       |       ||    15
       Scale mail        |       |    23 |    91 |   100 |    22 |       |       |       |       ||   236
       Chain mail        |       |       |       |    58 |   197 |       |       |       |       ||   255
       Swamp dragon scal |       |       |       |       |    16 |   143 |   107 |    71 |       ||   337
       Steam dragon scal |       |       |       |       |       |       |       |     9 |   126 ||   135
Dodge: Dodged            |    25 |    36 |   245 |   550 |   838 |   884 |   688 |   749 |  1718 ||  5733
Block: Other             |       |       |       |       |       |       |       |       |    66 ||    66

Table legend: (Time is in decaauts)
 A = Elapsed time spent in this place.
 B = Non-inter-level travel time spent in this place.
 C = Inter-level travel time spent in this place.
 D = Time resting spent in this place.
 E = Time spent auto-exploring this place.
 F = Levels seen in this place.
 G = Mean time per level.
                   A        B        C        D        E       F      G
               +--------+--------+--------+--------+--------+-----+--------+
         Total |  86116 |  73771 |  12345 |    140 |  59511 |  73 | 1179.7 |
       Dungeon |  20374 |  15651 |   4723 |      2 |  13118 |  15 | 1358.3 |
        Temple |     73 |     58 |     15 |      0 |     42 |   1 |   73.0 |
          Lair |   8462 |   6577 |   1885 |      0 |   5089 |   5 | 1692.4 |
         Swamp |   5142 |   4742 |    400 |      0 |   3964 |   4 | 1285.5 |
     Snake Pit |   5330 |   5084 |    246 |      0 |   4276 |   4 | 1332.5 |
    Slime Pits |   3928 |   3394 |    534 |      0 |   2671 |   5 |  785.6 |
  Orcish Mines |   1877 |   1582 |    295 |      0 |   1138 |   2 |  938.5 |
   Elven Halls |   3787 |   3310 |    477 |      0 |   2698 |   3 | 1262.3 |
        Vaults |  11014 |   9788 |   1226 |      0 |   8289 |   5 | 2202.8 |
         Crypt |   3417 |   3287 |    130 |      0 |   2590 |   3 | 1139.0 |
        Depths |   7839 |   6255 |   1584 |      0 |   4943 |   4 | 1959.8 |
          Hell |    554 |    518 |     36 |      0 |    328 |   1 |  554.0 |
           Dis |    354 |    333 |     21 |      0 |    248 |   3 |  118.0 |
       Gehenna |   4472 |   4204 |    268 |      0 |   3485 |   7 |  638.9 |
           Zot |   6864 |   6369 |    495 |      0 |   5443 |   5 | 1372.8 |
         Abyss |   1012 |   1012 |      0 |      0 |    241 |   3 |  337.3 |
         Trove |     58 |     58 |      0 |      0 |      2 |   1 |   58.0 |
      Ice Cave |   1024 |   1024 |      0 |    138 |    565 |   1 | 1024.0 |
       Volcano |    526 |    526 |      0 |      0 |    376 |   1 |  526.0 |
               +--------+--------+--------+--------+--------+-----+--------+

Top non-repeatable levels by time:
Vaults:3: 2817 daAuts
Depths:3: 2563 daAuts
Vaults:1: 2363 daAuts
  Lair:5: 2333 daAuts
Vaults:4: 2269 daAuts
    D:15: 2080 daAuts
Depths:4: 2070 daAuts
Depths:1: 2033 daAuts
     D:7: 2002 daAuts
    D:14: 2001 daAuts
     D:8: 1943 daAuts
 Snake:4: 1866 daAuts
 Swamp:4: 1865 daAuts
Vaults:5: 1818 daAuts
  Lair:1: 1782 daAuts
